 Dungeon Crawl Stone Soup version 0.31-a0-496-g6f97920a28 (webtiles) character file.

Game seed: 1405935600039281312

27 AstroCodex24 the Covered (level 2, 0/26 HPs)
             Began as a Demigod Fighter on Aug 8, 2023.
             Succumbed to an adder's poison
             ... on level 2 of the Dungeon.
             The game lasted 00:01:25 (295 turns).

AstroCodex24 the Covered (Demigod Fighter)           Turns: 295, Time: 00:01:25

Health: 0/26       AC:  6    Str: 17    XL:     2   Next: 72%
Magic:  4/4        EV:  6    Int: 10    God:
Gold:   24         SH:  4    Dex: 13    Spells: 1/1 levels left

rFire   . . .        a - +0 war axe
rCold   . . .        c - +0 buckler
rNeg    . . .        b - +0 scale mail
rPois   .            (no helmet)
rElec   .            (no cloak)
rCorr   .            (no gloves)
SInv    .            (no boots)
Will    .....        (no amulet) Stlth
                     (no ring)
HPRegen 0.24/turn    (no ring)
MPRegen 0.09/turn

%: no passive effects
@: lethally poisoned (0 -> -1), constricted
A: high MP 1, forlorn, divine attributes
a: no special abilities


You were on level 2 of the Dungeon.
You visited 1 branch of the dungeon, and saw 2 of its levels.

You collected 24 gold pieces.

Inventory:

Hand Weapons
 a - a +0 war axe (weapon)
Armour
 b - a +0 scale mail (worn)
 c - a +0 buckler (worn)
Scrolls
 e - 5 scrolls of identify {unknown}
 h - a scroll of noise {unknown}
Potions
 d - a potion of might
 f - 2 potions of heal wounds {unknown}
 g - a potion of curing {unknown}


   Skills:
 + Level 3.0 Fighting
 + Level 2.1 Axes
 + Level 3.1 Armour
 + Level 2.9 Shields


You had one spell level left.
You didn't know any spells.
Your spell library was empty.

Dungeon Overview and Level Annotations

Branches:
Dungeon (2/15)


Innate Abilities, Weirdness & Mutations

You have an increased reservoir of magic. (+10% MP)
You shall have no god before yourself.
Your divine heritage dramatically boosts your attributes as you level up.


Message History

You block the adder's attack. The adder bites you.
You are more poisoned.
The adder poisons you! The endoplasm freezes you.
You are frozen.
Your Axes skill increases to level 2!
You slash the endoplasm!
You kill the endoplasm!
You miss the adder.
You feel very sick. The bat hits you but does no damage.
You block the adder's attack.
You hit the adder but do no damage.
The adder is heavily wounded.
You barely miss the bat. You barely miss the ball python.
You feel sick. You block the bat's attack. The ball python bites you.
The ball python closely misses you. The adder bites you but does no damage.
The ball python bites you but does no damage.
The ball python barely misses you. The adder bites you but does no damage.
You closely miss the adder.
The adder is heavily wounded.
You hit the bat but do no damage. You hit the ball python.
You feel sick.
The bat hits you but does no damage. x2; The adder barely misses you.
The ball python bites you but does no damage.
The ball python grabs you. The ball python constricts you.
The adder completely misses you. The ball python bites you.
* * * LOW HITPOINT WARNING * * *
The ball python constricts you.
You miss the adder.
The adder is heavily wounded.
You closely miss the ball python. You barely miss the bat.
You feel sick. The bat barely misses you.
The adder bites you but does no damage. The bat hits you but does no damage.
The ball python bites you.
* * * LOW HITPOINT WARNING * * *
The ball python constricts you.
* * * LOW HITPOINT WARNING * * *
You miss the adder.
The adder is heavily wounded.
You hit the ball python but do no damage.
You barely miss the bat.
You die...

#........ #........
#......###
#.........
#.........
########.........
#................
#.......b@S?.....
####.......##S##....
#..'..†....# B# .
###.##.......# $.
#<..##.......# ...
######.......# ....
#.......# .....
#.......# ....(.
#.......#


You could see an adder, a giant cockroach, a bat and a ball python.

Vanquished Creatures
  An adder (D:2)
  A ball python (D:1)
  A bat (D:1)
  An endoplasm (D:2)
  2 goblins (D:1)
  4 quokkas
  2 frilled lizards (D:1)
  4 kobolds (D:1)
16 creatures vanquished.

Notes
Turn   | Place    | Note
-------+----------+-------------------------------------------
     0 | D:1      | AstroCodex24 the Demigod Fighter began the quest for the
                  | Orb.
     0 | D:1      | Reached XP level 1. HP: 18/18 MP: 3/3
   199 | D:1      | Reached XP level 2. HP: 24/25 MP: 4/4
   294 | D:2      | HP: 1/26 [constriction (1)]
   295 | D:2      | Succumbed to an adder's poison

Illustrated notes

Levels and vault maps discovered:
D:1:      lemuel_arrival_lava_pool, layout_loops_ring
D:2:      layout_basic, nicolae_ecumenical_lake_church

Skill      XL: |  1  2 |
---------------+-------+-----
Fighting       | 3 |  3.0
Armour         | 3 |  3.1
Axes           | 2 |  2.1
Shields        | |  2.9

Action                     || total
---------------------------++-------
  Melee: War axe           ||    47
 Armour: Scale mail        ||    35
  Dodge: Dodged            ||    35
  Block: Buckler           ||    19

Table legend: (Time is in decaauts)
 A = Elapsed time spent in this place.
 B = Non-inter-level travel time spent in this place.
 C = Inter-level travel time spent in this place.
 D = Time resting spent in this place.
 E = Time spent auto-exploring this place.
 F = Levels seen in this place.
 G = Mean time per level.
                   A        B        C        D        E       F      G
               +--------+--------+--------+--------+--------+-----+--------+
         Total |    315 |    315 |      0 |      0 |      0 |   2 |  157.5 |
       Dungeon |    315 |    315 |      0 |      0 |      0 |   2 |  157.5 |
               +--------+--------+--------+--------+--------+-----+--------+

Top non-repeatable levels by time:
     D:1: 273 daAuts
     D:2: 42 daAuts
